 Dungeon Crawl Stone Soup version 0.31-a0-446-g07c4bd200f (webtiles) character file.

Game seed: 18358002599385878377

26610 Ethylacetat the Mimic (level 13, -4/7 HPs)
             Began as a Vine Stalker Monk on Aug 3, 2023.
             Was the Champion of Wu Jian.
             Slain by a phantasmal warrior (11 damage)
             ... led by a death knight
             ... on level 14 of the Dungeon.
             The game lasted 00:31:46 (9891 turns).

Ethylacetat the Mimic (Vine Stalker Monk)           Turns: 9891, Time: 00:31:47

Health: -4/7       AC: 15    Str: 16    XL:     13   Next: 27%
Magic:  0/28       EV: 33    Int: 16    God:    Wu Jian [******]
Gold:   756        SH:  0    Dex: 26    Spells: 32/32 levels left

rFire   x .          .
                       - Unarmed
rCold   + + .        c - melded orb {light}
rNeg    + . .        M - melded +9 scale mail of a Thousand Wars {rPois Int-5 Dex+5}
rPois   ∞            (helmet currently unavailable)
rElec   +            (cloak currently unavailable)
rCorr   +            (gloves currently unavailable)
SInv    .            (boots currently unavailable)
Will    ++...        N - amulet "Leirra Icaim" {rF- rC++ rN+ Will+ Regen+}
Stlth   ++           h - +6 ring of dexterity
HPRegen 1.81/turn    P - ring of Gutiev {rPois rCorr Int+6}
MPRegen 0.21/turn

%: guardian spirit
@: storm-form, blinkbolt cooldown, flying
A: cleaving, insubstantial, flying, reduced hp, (fangs 3), regeneration 1, magic
shield, (antimagic bite), no potion heal 2
a: Blinkbolt, Begin Untransformation, Renounce Religion, Wall Jump, Serpent's
Lash, Heavenly Storm


You were on level 14 of the Dungeon.
You worshipped Wu Jian.
Wu Jian was exalted by your worship.
You were a lightning-filled tempest!
You visited 2 branches of the dungeon, and saw 15 of its levels.
You also visited: Ossuary.

You collected 899 gold pieces.
You spent 143 gold pieces at shops.

Inventory:

Missiles
 e - 29 poisoned darts
 S - a throwing net
Armour
 c - an orb of light (melded)
 M - the +9 scale mail of a Thousand Wars (melded) {rPois Int-5 Dex+5}
   (You found it on level 8 of the Dungeon)

   Int:       It affects your intelligence (-5).
   Dex:       It affects your dexterity (+5).
   rPois:     It protects you from poison.
 Q - an orb of wrath
Jewellery
 h - a +6 ring of dexterity (left fist)
 N - the amulet "Leirra Icaim" (around neck) {rF- rC++ rN+ Will+ Regen+}
   (You found it on level 10 of the Dungeon)

   [amulet of regeneration]

   rF:        It makes you vulnerable to fire.
   rC:        It greatly protects you from cold.
   rN:        It protects you from negative energy.
   Regen:     It increases your rate of health regeneration.
   Will:      It increases your willpower.
 P - the ring of Gutiev (right fist) {rPois rCorr Int+6}
   (You found it on level 11 of the Dungeon)

   [ring of intelligence]

   Int:       It affects your intelligence (+6).
   rPois:     It protects you from poison.
   rCorr:     It protects you from acid and corrosion.
 R - a ring of magical power
Talismans
 i - a storm talisman (active)
 E - a storm talisman (active)
 L - a serpent talisman
Wands
 n - a wand of polymorph (6)
 u - a wand of mindburst (17)
 x - a wand of flame (15)
 H - a wand of iceblast (18)
 J - a wand of digging (1)
 K - a wand of light (9)
Scrolls
 g - 15 scrolls of identify {unknown}
 j - 3 scrolls of amnesia {unknown}
 l - 3 scrolls of blinking {unknown}
 m - a scroll of acquirement {unknown}
 o - 3 scrolls of teleportation {unknown}
 q - 3 scrolls of vulnerability {unknown}
 r - 3 scrolls of brand weapon {unknown}
 s - 2 scrolls of revelation {unknown}
 t - 2 scrolls of poison {unknown}
 y - 3 scrolls of fog {unknown}
 z - 2 scrolls of fear {unknown}
 B - a scroll of torment {unknown}
 D - a scroll of enchant armour {unknown}
Potions
 d - 9 potions of brilliance {unknown}
 f - 9 potions of mutation {unknown}
 k - 2 potions of cancellation {unknown}
 p - 3 potions of attraction
 v - 5 potions of curing
 w - 2 potions of degeneration {unknown}
 A - 4 potions of haste {unknown}
 C - a potion of enlightenment {unknown}
 F - a potion of might {unknown}
 G - 3 potions of heal wounds {unknown}
 I - 2 potions of berserk rage
 O - a potion of lignification {unknown}
Miscellaneous
 a - a tin of tremorstones (2/2)


   Skills:
 + Level 9.7 Fighting
 - Level 2.4 Dodging
 + Level 10.6 Unarmed Combat
 + Level 10.0 Spellcasting
 * Level 11.8 Shapeshifting


You had 32 spell levels left.
You didn't know any spells.
Your spell library contained the following spells:

 Spells                   Type           Power      Damage    Failure   Level
 Apportation              Tloc           16%        N/A       9%          1
 Necrotise                Necr           32%        1d5       9%          1
 Slow                     Hex            32%        N/A       9%          1
 Summon Small Mammal      Summ           32%        N/A       9%          1
 Wereblood                Tmut           8%         N/A       14%         2
 Confusing Touch          Hex            8%         N/A       26%         3
 Inner Flame              Hex/Fire       8%         N/A       26%         3
 Vampiric Draining        Necr           8%         2d6       26%         3
 Flame Wave               Conj/Fire      8%         2d5       65%         4
 Sticky Flame             Conj/Fire      8%         2d3       65%         4
 Irradiate                Conj/Tmut      4%         3d13      94%         5


Dungeon Overview and Level Annotations

Branches:
Dungeon (14/15)            Temple (0/1) D:4            Lair (0/5) D:11
    Orc (1/2) D:9         Ossuary (visited)
 Vaults: D:13-14

Altars:
Fedhas
Vehumet
Wu Jian
Xom
The Shining One

Shops:
D:7 ?[(!

Portals:
Trove: D:12 (give 7 scrolls of fog)


Innate Abilities, Weirdness & Mutations

You are a lightning-filled tempest!
Your electrical attacks strike out in all directions at once.
You are incredibly evasive.
Your insubstantial body is immune to petrification, constriction, and being set on fire You are flying.
Your maximum health is decreased, since you lack skill for your form.
Your armour is entirely melded.
You are incapable of wielding weapons or throwing items.
You are immune to poison.
((You have razor-sharp teeth.))
Your natural rate of healing is unusually fast.
When hurt, damage is shared between your health and your magic reserves.
((Your bite disrupts and absorbs the magic of your enemies.))
Potions cannot restore your health.


Message History

You resist with almost no effort.
You spin and attack the death knight.
You buffet the death knight!
You kill the death knight!
The Council accepts your kill.
You spin and attack the phantasmal warrior repeatedly.
You buffet the phantasmal warrior!
The phantasmal warrior is severely damaged.
You barely miss the phantasmal warrior.
The phantasmal warrior is severely damaged.
The phantasmal warrior completely misses you.
The skeletal warrior completely misses you.
You spin and attack the troll.
You barely miss the troll.
The troll is severely wounded.
The troll barely misses you. The troll completely misses you.
The troll misses you. The phantasmal warrior gestures at you.
The phantasmal warrior blinks!
The skeletal warrior hits you but does no damage.
You spin and attack the troll.
You barely miss the troll.
The troll is severely wounded.
The troll completely misses you. The troll misses you.
The troll completely misses you.
The skeletal warrior closely misses you.
Unknown command.
You spin and attack the skeletal warrior.
You batter the skeletal warrior!!
The skeletal warrior is moderately damaged.
You spin and attack the troll.
You hit the troll but do no damage.
The troll is severely wounded.
The troll bites you but does no damage. The troll completely misses you.
The troll claws you but does no damage. The skeletal warrior misses you.
You spin and attack the skeletal warrior.
You blast the skeletal warrior!!!
The skeletal warrior is almost destroyed.
You spin and attack the troll.
You hit the troll.
The troll is almost dead.
The troll completely misses you. x2; The troll misses you.
The phantasmal warrior hits you!!
Ouch! That really hurt!
You die...

#.## #. #... #. ... ###.
###. ... ##. ... ...
##.. ######.#######'###
#... .................#
###'## #....W........#
##.....
#....Tv.......###..†...
#.....z.......#.#......
###...#####+###.'..._..
####...#####...'.#......
#............###.#......
#............# #.##.....
#............# #..###+##
#........†...# #...
#......).....# #....


You could see a skeletal warrior, a phantasmal warrior and a troll.

Vanquished Creatures
  Kirke (D:12)
  A hydra (D:13)
  A vault guard (D:12)
  Fannar (D:11)
  A death knight (D:14)
  2 centaur warriors
  4 two-headed ogres
  2 boulder beetles (D:13)
  A catoblepas (D:13)
  The ghost of tensugalgo the Grappler, a novice DrSh of Wu Jian (D:10)
  A phantasmal warrior (D:12)
  2 deep elf pyromancers
  An ugly thing (D:13)
  A cyclops (D:11)
  2 manticores
  An elephant (D:11)
  A moth of wrath (D:10)
  A gargoyle (D:11)
  An unseen horror (D:12)
  A freezing wraith (D:14)
  A komodo dragon (D:11)
  2 kobold demonologists
  A troll (D:9)
  A raiju (shapeshifter) (D:13)
  A centaur simulacrum (D:14)
  7 slime creatures (D:12)
  3 shadows
  2 vampires
  A culicivora (shapeshifter) (D:14)
  4 wyverns
  2 steam dragons (D:9)
  2 basilisks
  3 vampire mosquitoes (D:11)
  5 wraiths
  12 yaks
  2 two-headed ogre zombies (D:9)
  3 acid dragons
  2 water moccasins
  A black bear (D:11)
  7 orc warriors
  An ogre (D:4)
  6 centaurs
  2 kobold brigands (D:8)
  A phantom (D:4)
  An elf zombie (Ossuary)
  A bullfrog (D:7)
  A scorpion (D:7)
  A gnoll sergeant (D:8)
  5 wights (D:10)
  10 killer bees
  An electric eel (D:12)
  2 howler monkeys
  2 centaur zombies (Ossuary)
  A lava snake (D:12)
  A gnoll bouda (D:6)
  2 human zombies (Ossuary)
  4 hounds
  2 jellies (D:7)
  9 orc priests
  Jessica (D:2)
  5 iguanas
  14 orc wizards
  6 ogre zombies (D:9)
  2 mummies (Ossuary)
  Robin (D:4)
  9 adders
  13 gnolls
  2 shadow imps
  2 white imps
  An ufetubus (D:5)
  An adder zombie (Ossuary)
  2 worms
  3 dart slugs
  43 orcs
  11 endoplasms
  3 giant cockroaches (D:1)
  20 goblins
  12 hobgoblins
  3 jackals (D:4)
  6 quokkas
  7 ball pythons
  4 bats
  3 frilled lizards
  3 goblin skeletons (D:9)
  4 goblin zombies
  16 hobgoblin zombies
  A jackal zombie (Ossuary)
  21 kobolds
  8 kobold zombies (Ossuary)
  24 orc zombies
  2 rats (D:1)
395 creatures vanquished.

Vanquished Creatures (others)
  A vampire mosquito (D:12)
  A human (D:12)
  A gnoll sergeant (D:12)
3 creatures vanquished.

Grand Total: 398 creatures vanquished

Notes
Turn   | Place    | Note
-------+----------+-------------------------------------------
     0 | D:1      | Ethylacetat the Vine Stalker Monk began the quest for the
                  | Orb.
     0 | D:1      | Reached XP level 1. HP: 11/11 MP: 2/2
    63 | D:1      | You fall into a shaft and drop 1 floor!
    95 | D:1      | Reached XP level 2. HP: 9/16 MP: 0/3
   275 | D:1      | Reached skill level 1 in Spellcasting
   298 | D:1      | Found a faded altar of an unknown god.
   318 | D:1      | Prayed at the altar of an unknown god.
   318 | D:1      | Became a worshipper of the Wu Jian Council
   318 | D:1      | Reached * piety under Wu Jian
   318 | D:1      | Reached ** piety under Wu Jian
   354 | D:1      | Reached *** piety under Wu Jian
   355 | D:1      | Reached XP level 3. HP: 17/20 MP: 5/5
  1147 | D:2      | Gained mutation: Your natural rate of healing is unusually
                  | fast. [Vine Stalker growth]
  1147 | D:2      | Reached XP level 4. HP: 2/24 MP: 7/7
  1302 | D:2      | Reached skill level 1 in Shapeshifting
  1370 | D:2      | Noticed Jessica
  1372 | D:2      | Killed Jessica
  1373 | D:2      | Reached XP level 5. HP: 2/28 MP: 7/9
  1700 | D:3      | Found the +5 robe of Misfortune {Harm *Corrode *Slow EV+5}
  1705 | D:3      | Reached **** piety under Wu Jian
  2185 | D:4      | Found a staircase to the Ecumenical Temple.
  2227 | D:4      | Found an ornate altar of the Wu Jian Council.
  2500 | D:4      | Found a glowing golden altar of the Shining One.
  2561 | D:4      | Noticed an ogre
  2570 | D:4      | Killed an ogre
  2571 | D:4      | Reached skill level 2 in Shapeshifting
  2571 | D:4      | Reached XP level 6. HP: 3/33 MP: 10/10
  2723 | D:4      | Noticed Robin
  2728 | D:4      | Killed Robin
  2902 | D:5      | Entered Level 5 of the Dungeon
  3028 | D:5      | Reached skill level 3 in Shapeshifting
  3036 | D:5      | Reached XP level 7. HP: 3/37 MP: 6/12
  3039 | D:5      | Noticed a two-headed ogre
  3050 | D:5      | Killed a two-headed ogre
  3051 | D:5      | Reached skill level 5 in Unarmed Combat
  3051 | D:5      | Reached skill level 4 in Shapeshifting
  3051 | D:5      | Gained mutation: You have razor-sharp teeth. [Vine Stalker
                  | growth]
  3051 | D:5      | Reached XP level 8. HP: 4/42 MP: 8/15
  3637 | D:5      | Found a blossoming altar of Fedhas.
  3816 | D:6      | Reached skill level 5 in Fighting
  4023 | D:6      | Reached skill level 5 in Shapeshifting
  4038 | D:6      | Reached ***** piety under Wu Jian
  4453 | D:7      | Reached XP level 9. HP: 4/47 MP: 17/17
  4461 | D:7      | Reached skill level 5 in Spellcasting
  4477 | D:7      | Found Niceseuh's Antique Armour Shoppe.
  4625 | D:7      | Found Sig Foqe's Weapon Shoppe.
  4714 | D:7      | Found a sand-covered staircase.
  4722 | Ossuary  | Entered an ossuary
  4761 | Ossuary  | Reached skill level 6 in Shapeshifting
  4996 | D:7      | Found Guamouf's Distillery.
  5002 | D:7      | Bought a potion of attraction for 39 gold pieces
  5002 | D:7      | Bought a potion of berserk rage for 65 gold pieces
  5002 | D:7      | Bought a potion of curing for 39 gold pieces
  5328 | D:7      | Found Nihasoargh's Magic Scroll Boutique.
  5494 | D:8      | Reached skill level 7 in Shapeshifting
  5494 | D:8      | Reached XP level 10. HP: 5/53 MP: 8/20
  5855 | D:8      | Identified the +9 scale mail of a Thousand Wars {rPois
                  | Int-5 Dex+5}
  6135 | D:9      | Found a staircase to the Orcish Mines.
  6135 | D:9      | Noticed a two-headed ogre
  6143 | D:9      | Killed a two-headed ogre
  6144 | D:9      | Reached skill level 8 in Shapeshifting
  6427 | Orc:1    | Entered Level 1 of the Orcish Mines
  6445 | D:10     | Entered Level 10 of the Dungeon
  6462 | D:10     | Noticed a two-headed ogre
  6466 | D:10     | Killed a two-headed ogre
  6467 | D:10     | Reached XP level 11. HP: 5/58 MP: 21/23
  6481 | D:10     | Found a transporter.
  6490 | D:10     | Noticed tensugalgo's ghost (novice DrSh)
  6511 | D:10     | Noticed a moth of wrath
  6526 | D:10     | Found a transporter.
  6543 | D:10     | Killed a moth of wrath
  6688 | D:10     | Killed tensugalgo's ghost
  6689 | D:10     | Reached skill level 9 in Shapeshifting
  6698 | D:10     | Identified the amulet "Leirra Icaim" {rF- rC++ rN+ Will+
                  | Regen+}
  6738 | D:10     | Found a shimmering altar of Xom.
  7248 | D:11     | Noticed a two-headed ogre
  7257 | D:11     | Killed a two-headed ogre
  7334 | D:11     | Identified the ring of Gutiev {rPois rCorr Int+6}
  7404 | D:11     | Found a staircase to the Lair.
  7441 | D:11     | Noticed Fannar
  7449 | D:11     | Killed Fannar
  7450 | D:11     | Reached skill level 10 in Shapeshifting
  7450 | D:11     | Reached XP level 12. HP: 6/65 MP: 20/25
  7836 | D:11     | Reached ****** piety under Wu Jian
  8142 | D:12     | Noticed Kirke
  8149 | D:12     | Killed Kirke
  8493 | D:12     | Noticed a vault guard
  8494 | D:12     | Found a portal to a secret trove of treasure.
  8500 | D:12     | Killed a vault guard
  8667 | D:12     | Reached skill level 10 in Unarmed Combat
  8667 | D:12     | Reached skill level 11 in Shapeshifting
  8864 | D:13     | Noticed a catoblepas
  8869 | D:13     | Killed a catoblepas
  8919 | D:13     | Noticed a boulder beetle
  8925 | D:13     | Killed a boulder beetle
  9194 | D:13     | Noticed a boulder beetle
  9293 | D:13     | Noticed a six-headed hydra
  9299 | D:13     | Killed a six-headed hydra
  9347 | D:13     | Killed a boulder beetle
  9348 | D:13     | Reached XP level 13. HP: 7/70 MP: 27/27
  9732 | D:14     | Found a radiant altar of Vehumet.
  9872 | D:14     | Reached skill level 10 in Spellcasting
  9891 | D:14     | Slain by a phantasmal warrior

Illustrated notes

Levels and vault maps discovered:
D:1:      lightli_arrival_farm, layout_basic, basic_ecumenical_altar,
          minmay_indecisive_spiral
D:2:      layout_rooms, serial_bayou_crossing, uniq_jessica
D:3:      layout_basic, minivault_25, minmay_misc_feat_columns,
          skrybe_limestone_x
D:4:      kennysheep_goblin_castle, layout_loops_cross,
          nicolae_overflow_crystal_walls, nicolae_wu_jian_wuxing_cycle,
          minmay_temple_entry_butterflies
D:5:      layout_basic, mainiacjoe_overflow_alcove_4, minivault_11
D:6:      layout_gridville
D:7:      layout_basic, chequers_ossuary_entry_cave, serial_shops,
          nicolae_shop_advertising_works [nicolae_subvault_shop_adworks],
          nicolae_shop_stone, shop, nicolae_shop_tiny_waterfront
D:8:      layout_rooms
D:9:      layout_rooms, zombieorc2_lemuel
D:10:     layout_loops_ring, xom_teletrap_fun, gammafunk_ghost_berserking_beasts
D:11:     layout_loops_ring, david_lair_generic, serial_glass, glass_columns_c,
          glass_columns_b, minmay_misc_feat_encased, kennysheep_another_room,
          minmay_misc_feat_room, lemuel_old_faithful, uniq_fannar
D:12:     layout_loops_ring, enter_trove_5, minivault_25, serial_bayou_pond_b,
          kennysheep_island_fort, uniq_kirke
D:13:     layout_cave_pods
D:14:     layout_basic, david_vaults_4, chequers_serial_rivers_small_b,
          kennysheep_minor_cross, chequers_mini_garden, nrook_loot_triangle,
          nicolae_vehumet_altar_sigil
Orc:1:    cheibrodos_orc_bank, layout_diamond_mine, mines2_lemuel

Skill      XL: |  1  2  3  4  5  6  7  8  9 10 11 12 13 |
---------------+----------------------------------------+-----
Spellcasting   | 1 2 3 4 6 7 8 9 10 | 10.0
Fighting       | 3 4 5 6 7 8 9 |  9.7
Shapeshifting  | 1 2 3 4 5 7 8 10 11 | 11.8
Unarmed Combat | 4 5 7 8 9 10 | 10.6
Dodging        | |  2.4

Action                     |  1- 3 |  4- 6 |  7- 9 | 10-12 | 13-15 || total
---------------------------+-------+-------+-------+-------+-------++-------
  Melee: Unarmed           |    73 |   107 |   167 |   272 |    54 ||   673
         Bite              |    21 |       |       |       |       ||    21
         Punch             |       |     2 |     2 |    13 |     3 ||    20
 Invoke: Heavenly Storm    |       |       |     1 |     1 |       ||     2
         Serpent's Lash    |       |       |       |     1 |       ||     1
Ability: Lunge             |     9 |    17 |    18 |    20 |       ||    64
         Whirlwind         |     1 |    22 |    64 |    59 |    33 ||   179
         Wall Jump         |     1 |     2 |     5 |     6 |     1 ||    15
         Blinkbolt         |       |     1 |     5 |    11 |     4 ||    21
    Use: Potion            |       |       |       |       |     1 ||     1
   Stab: Sleeping          |     2 |     4 |     5 |     3 |       ||    14
         Distracted        |       |     1 |       |     1 |       ||     2
 Armour: Robe              |    11 |       |       |       |       ||    11
         Skin              |       |     9 |    13 |    26 |    10 ||    58
  Dodge: Dodged            |    35 |    78 |   153 |   247 |   110 ||   623
   Form: Storm             |     1 |       |       |     1 |       ||     2
                           |       |       |       |     1 |       ||     1

Table legend: (Time is in decaauts)
 A = Elapsed time spent in this place.
 B = Non-inter-level travel time spent in this place.
 C = Inter-level travel time spent in this place.
 D = Time resting spent in this place.
 E = Time spent auto-exploring this place.
 F = Levels seen in this place.
 G = Mean time per level.
                   A        B        C        D        E       F      G
               +--------+--------+--------+--------+--------+-----+--------+
         Total |   9877 |   9420 |    457 |    223 |   7304 |  16 |  617.3 |
       Dungeon |   9682 |   9225 |    457 |    223 |   7190 |  14 |  691.6 |
  Orcish Mines |      1 |      1 |      0 |      0 |      0 |   1 |    1.0 |
       Ossuary |    193 |    193 |      0 |      0 |    114 |   1 |  193.0 |
               +--------+--------+--------+--------+--------+-----+--------+

Top non-repeatable levels by time:
     D:1: 927 daAuts
    D:12: 865 daAuts
     D:5: 842 daAuts
    D:13: 817 daAuts
     D:7: 815 daAuts
    D:10: 780 daAuts
    D:11: 757 daAuts
     D:3: 755 daAuts
     D:4: 733 daAuts
     D:8: 643 daAuts
     D:6: 642 daAuts
     D:2: 502 daAuts
     D:9: 391 daAuts
    D:14: 207 daAuts
 Ossuary: 193 daAuts
